[Event "Titled Tuesday Blitz January 10 Late 2023"]
[White "Sanal, Vahap"]
[Black "Haydon, David L"]
[WhiteFideId "6300545"]
[BlackFideId "415405"]
[WhiteElo "2600"]
[BlackElo "2253"]
[Result "1-0"]
[Round "11"]
[TimeControl "180+2"]
[Date "2023.01.10"]
[WhiteClock "0:00:05"]
[BlackClock "0:00:17"]

1. Nf3 c6 2. c4 d5 3. cxd5 cxd5 4. d4 Nc6 5. Nc3 Bg4 6. e3 Bxf3 7. Qxf3 e6 8. Qd1 Nf6 9. Bd2 Bd6 10. Rc1 Rc8 11. Bd3 O-O 12. O-O e5 13. dxe5 Nxe5 14. Bb1 Nc4 15. Be1 Nxb2 16. Qc2 Nc4 17. Nxd5 Bxh2+ 18. Kxh2 Qxd5 19. Kg1 Nd6 20. Qb2 Rxc1 21. Qxc1 Qh5 22. Qc7 Nfe8 23. Qe7 Qc5 24. Qh4 Nf6 25. Bb4 Qe5 26. Rd1 Rd8 27. Bxh7+ Kf8 28. Bc2 a5 29. Ba3 Ke7 30. Bb3 b5 31. Rd5 Qa1+ 32. Rd1 Qe5 33. Rd2 g5 34. Qh6 Qa1+ 35. Rd1 Qe5 36. Rd2 Qa1+ 37. Bd1 Ne4 38. Bb2 Qb1 39. Bf6+ Nxf6 40. Qxg5 Qe4 41. f3 1-0


[Site "https://www.chess.com"]

[Event "Titled Tuesday Blitz January 10 Late 2023"]
[White "Jaracz, Pawel"]
[Black "Sourath Biswas"]
[WhiteFideId "1102222"]
[BlackFideId "35091484"]
[WhiteElo "2467"]
[BlackElo "2281"]
[Result "0-1"]
[Round "11"]
[TimeControl "180+2"]
[Date "2023.01.10"]
[WhiteClock "0:00:28"]
[BlackClock "0:00:28"]

1. e4 c6 2. d4 d5 3. e5 Bf5 4. h4 h5 5. Nc3 e6 6. Bd3 Bxd3 7. Qxd3 c5 8. Nge2 Nc6 9. dxc5 Bxc5 10. Qg3 Bf8 11. Bg5 Qb6 12. O-O-O Nh6 13. Bxh6 Rxh6 14. f4 Rg6 15. Qf3 Rg4 16. g3 O-O-O 17. Kb1 Bb4 18. Rd3 f6 19. exf6 gxf6 20. Rhd1 Rdg8 21. Ka1 Kb8 22. a3 Bxc3 23. Rxc3 d4 24. Rb3 Qc5 25. Qe4 e5 26. c3 Qc4 27. Qc2 Rd8 28. Nc1 Rxg3 29. Qh7 Na5 30. Rb4 Qc7 31. fxe5 Qxh7 0-1


[Site "https://www.chess.com"]

[Event "Titled Tuesday Blitz January 10 Late 2023"]
[White "Martins, Bruno Andre Leite"]
[Black "Yuan, Qingyu"]
[WhiteFideId "1942255"]
[BlackFideId "8609772"]
[WhiteElo "2348"]
[BlackElo "2373"]
[Result "1-0"]
[Round "11"]
[TimeControl "180+2"]
[Date "2023.01.10"]
[WhiteClock "0:01:29"]
[BlackClock "0:00:05"]

1. e4 e5 2. Nf3 Nc6 3. d4 exd4 4. Nxd4 Nf6 5. Nc3 Bb4 6. Nxc6 bxc6 7. Bd3 O-O 8. O-O d5 9. exd5 Bg4 10. f3 Bh5 11. dxc6 Qd4+ 12. Kh1 Bxc3 13. bxc3 Qxc3 14. Rb1 Qxc6 15. Bb5 Qe6 16. Bb2 Rfd8 17. Qe1 Qxa2 18. Bxf6 gxf6 19. Qg3+ Bg6 20. f4 f5 21. h4 h5 22. Bd3 Qd5 23. Rb5 Qe6 24. Bxf5 Qa6 25. c4 Rd6 26. Be4 Re8 27. Bf3 Kh8 28. f5 Bh7 29. Bxh5 Rg8 30. Qc3+ f6 31. Bf3 Qa2 32. Rd5 Rgd8 33. Rxd6 Rxd6 34. c5 Ra6 35. c6 Qf7 36. Rd1 Bxf5 37. Rd8+ Kh7 38. Bd5 Qh5 39. Qxf6 Qd1+ 40. Kh2 Rxc6 41. Rh8# 1-0


[Site "https://www.chess.com"]

[Event "Titled Tuesday Blitz January 10 Late 2023"]
[White "Mikhailov, Viacheslav"]
[Black "Makridis, Dimitrios"]
[WhiteFideId "4187369"]
[BlackFideId "25864475"]
[WhiteElo "2428"]
[BlackElo "2356"]
[Result "0-1"]
[Round "11"]
[TimeControl "180+2"]
[Date "2023.01.10"]
[WhiteClock "0:00:03"]
[BlackClock "0:00:39"]

1. Nf3 d5 2. g3 Nf6 3. Bg2 e6 4. O-O Be7 5. d4 b5 6. c4 bxc4 7. Ne5 c6 8. Nc3 O-O 9. b3 cxb3 10. Qxb3 c5 11. dxc5 Bxc5 12. Bf4 Nbd7 13. Na4 Rb8 14. Qc2 Nxe5 15. Nxc5 Qd6 16. Nd3 Nfd7 17. Rfc1 f6 18. Qc7 Qxc7 19. Rxc7 Ba6 20. Nxe5 fxe5 21. Rxd7 exf4 22. Rxa7 Bxe2 23. a4 f3 24. Bh3 d4 25. Bxe6+ Kh8 26. Rd7 Rfd8 27. Rxd8+ Rxd8 28. a5 d3 29. Bb3 d2 30. Bd1 Re8 31. Bc2 Bd1 32. h4 Re1+ 33. Kh2 Bxc2 34. Ra2 d1=Q 0-1


[Site "https://www.chess.com"]

[Event "Titled Tuesday Blitz January 10 Late 2023"]
[White "Domingo Nunez, Ruben"]
[Black "Klose, Eli"]
[WhiteFideId "22245570"]
[BlackFideId "16242955"]
[WhiteElo "2416"]
[BlackElo "1519"]
[Result "1-0"]
[Round "11"]
[TimeControl "180+2"]
[Date "2023.01.10"]
[WhiteClock "0:00:10"]
[BlackClock "0:00:04"]

1. e4 e6 2. Nf3 d5 3. Nc3 d4 4. Ne2 c5 5. Ng3 Nc6 6. Bc4 Bd6 7. a4 h5 8. h4 Nf6 9. d3 Ng4 10. Bg5 Qc7 11. Ne2 f6 12. Bd2 b6 13. c3 dxc3 14. Bxc3 Nce5 15. Bb5+ Kf7 16. d4 cxd4 17. Nexd4 Bb7 18. Qe2 a6 19. Bd3 Nxd3+ 20. Qxd3 Rhd8 21. Qe2 e5 22. Nf5 g6 23. Ne3 Nxe3 24. Qxe3 Bc5 25. Qh6 Rh8 26. Qd2 Bxe4 27. Qe2 Qc6 28. Rh3 Rhd8 29. Rc1 Bd3 30. Nxe5+ fxe5 31. Rxd3 Rxd3 32. Qxd3 Qxg2 33. Qd7+ Kf6 34. Rc2 Re8 35. Qxe8 Qg1+ 36. Kd2 Qxf2+ 37. Kc1 Qf1+ 38. Kd2 Qf2+ 39. Kd1 Qf3+ 40. Re2 Qd3+ 41. Ke1 Qb1+ 42. Kd2 1-0


[Site "https://www.chess.com"]

[Event "Titled Tuesday Blitz January 10 Late 2023"]
[White "Yurovskykh, Oleksandr"]
[Black "Bjelobrk, Igor"]
[WhiteFideId "14134020"]
[BlackFideId "4300726"]
[WhiteElo "2328"]
[BlackElo "2403"]
[Result "1-0"]
[Round "11"]
[TimeControl "180+2"]
[Date "2023.01.10"]
[WhiteClock "0:00:12"]
[BlackClock "0:00:06"]

1. d4 d5 2. Bf4 Nf6 3. e3 e6 4. Nd2 Bd6 5. Bg3 O-O 6. Bd3 c5 7. c3 Qc7 8. dxc5 Qxc5 9. Ngf3 Nbd7 10. Qe2 h6 11. e4 Bxg3 12. hxg3 dxe4 13. Bxe4 Rb8 14. O-O b5 15. a3 Qc7 16. Rfd1 Nxe4 17. Nxe4 Bb7 18. Nd6 Bxf3 19. gxf3 a6 20. Rd4 Nb6 21. Rad1 Nd5 22. Ne4 Rfd8 23. Kg2 Ne7 24. Qd3 Rxd4 25. Qxd4 Nd5 26. Qc5 Rc8 27. Qxc7 Rxc7 28. Rd4 Kf8 29. Kf1 Ke7 30. Ke2 f5 31. Nd2 Nb6 32. f4 Na4 33. Rb4 g5 34. fxg5 hxg5 35. c4 Rc5 36. cxb5 axb5 37. Kd3 Rd5+ 38. Kc2 Kd6 39. Nf3 Rc5+ 40. Kb1 Nb6 41. Nd4 Nc4 42. Nxb5+ Kc6 43. a4 Nd2+ 44. Ka2 e5 45. Nc3 e4 46. Rd4 Nc4 47. Rd8 Kc7 48. Rg8 g4 49. Rf8 Kd7 50. Nb5 Ke7 51. Rh8 Ne5 52. Nd4 Nd3 53. Rh5 Kf6 54. Rh2 Rd5 55. Ne2 Ne5 56. Nf4 Rd2 57. Rh6+ Kg5 58. Rh5+ Kf6 59. Rh2 Nc4 60. Kb3 Ne5 61. a5 Nf3 62. Rh6+ Kg7 63. Rh5 Rxf2 64. a6 e3 65. a7 Nd4+ 66. Kc4 e2 67. a8=Q e1=Q 68. Qh8+ Kf7 69. Rh7# 1-0


[Site "https://www.chess.com"]

[Event "Titled Tuesday Blitz January 10 Late 2023"]
[White "Ibarra Jerez, Jose Carlos"]
[Black "Pham, Khoi"]
[WhiteFideId "2226332"]
[BlackFideId "1054988"]
[WhiteElo "2563"]
[BlackElo "2355"]
[Result "1-0"]
[Round "11"]
[TimeControl "180+2"]
[Date "2023.01.10"]
[WhiteClock "0:00:18"]
[BlackClock "0:00:06"]

1. e4 c5 2. Nf3 e6 3. d4 cxd4 4. Nxd4 Nf6 5. Nc3 Nc6 6. Ndb5 Bc5 7. Bf4 O-O 8. Bc7 Qe7 9. Bd6 Bxd6 10. Qxd6 Qd8 11. O-O-O a6 12. Nd4 Ne7 13. h4 b5 14. h5 h6 15. g4 Bb7 16. f3 Rc8 17. Rg1 Ne8 18. Qg3 Qc7 19. Qxc7 Rxc7 20. a3 Nd6 21. Nb3 Nec8 22. Na5 Ba8 23. e5 Nb7 24. Nxb7 Bxb7 25. f4 f6 26. exf6 Rxf6 27. g5 hxg5 28. fxg5 Rf2 29. Rd2 Rxd2 30. Kxd2 d5 31. Bh3 e5 32. Be6+ Kf8 33. Rf1+ Ke8 34. g6 Ne7 35. Rf7 d4 36. Ne2 Bc8 37. Bxc8 Rxc8 38. Rxg7 Kd7 39. h6 Ke6 40. h7 Kf6 41. Rf7+ Ke6 42. Rxe7+ Kxe7 43. g7 1-0


[Site "https://www.chess.com"]

[Event "Titled Tuesday Blitz January 10 Late 2023"]
[White "Aldokhin, Ivan"]
[Black "Tanenbaum, Zachary"]
[WhiteFideId "24115720"]
[BlackFideId "2060850"]
[WhiteElo "2413"]
[BlackElo "2261"]
[Result "0-1"]
[Round "11"]
[TimeControl "180+2"]
[Date "2023.01.10"]
[WhiteClock "0:00:01"]
[BlackClock "0:00:18"]

1. e4 e5 2. Nf3 Nc6 3. Bb5 a6 4. Ba4 d6 5. Bxc6+ bxc6 6. d4 exd4 7. Nxd4 c5 8. Nb3 Bb7 9. Nc3 Ne7 10. Bg5 Qd7 11. Qe2 h6 12. Be3 g6 13. O-O-O Qe6 14. Nd5 O-O-O 15. Na5 Bg7 16. Nxb7 Kxb7 17. Rd3 c4 18. Ra3 Nxd5 19. Qxc4 Nb6 20. Qxa6+ Kc6 21. Bxb6 cxb6 22. Rb3 Rb8 23. Re1 Rhc8 24. Qb5+ Kc7 25. Ree3 Kd8 26. Rbd3 Qxa2 27. Rxd6+ Ke7 28. Rd7+ Kf8 29. e5 Qa1+ 30. Kd2 Qa5+ 31. Qxa5 bxa5 32. b3 Rd8 33. Rxd8+ Rxd8+ 34. Kc3 Rd5 35. f4 f6 36. Kc4 Rd2 37. e6 Ke7 38. c3 Rxg2 39. Kb5 Rb2 40. Kxa5 Rxb3 41. h4 f5 42. Ka4 Rxc3 0-1


[Site "https://www.chess.com"]

[Event "Titled Tuesday Blitz January 10 Late 2023"]
[White "Djordjevic, Vuk"]
[Black "Filgueira, Hernan"]
[WhiteFideId "902098"]
[BlackFideId "101770"]
[WhiteElo "2375"]
[BlackElo "2283"]
[Result "1-0"]
[Round "11"]
[TimeControl "180+2"]
[Date "2023.01.10"]
[WhiteClock "0:00:12"]
[BlackClock "0:00:14"]

1. e4 e6 2. d4 d5 3. Nc3 Bb4 4. e5 c5 5. a3 Bxc3+ 6. bxc3 Nc6 7. Nf3 Qa5 8. Bd2 Qa4 9. Qb1 c4 10. h4 h6 11. h5 Bd7 12. Rh4 f5 13. g4 O-O-O 14. gxf5 exf5 15. Bh3 Nge7 16. Ke2 g5 17. hxg6 Nxg6 18. Rh5 Nce7 19. Qb2 f4 20. Rh1 Bxh3 21. R1xh3 Qd7 22. Qb1 Rdf8 23. Rxh6 Rxh6 24. Rxh6 Qf5 25. Ne1 Qe4+ 26. Kd1 f3 27. Kc1 Qe2 28. Rh2 Rh8 29. Rxh8+ Nxh8 30. Qb4 Nhg6 31. Qd6 Qxf2 32. e6 b6 33. Qd7+ Kb8 34. Qe8+ Kb7 35. Qf7 Ka6 36. Qxf3 Qh2 37. Ng2 Qd6 38. Qf6 Qxa3+ 39. Kb1 Qd6 40. Nf4 Nxf4 41. Bxf4 Qd8 42. Bg5 Qg8 43. Qxe7 Qg6 44. Qf6 Qe4 45. Qe5 Qh1+ 46. Kb2 1-0


[Site "https://www.chess.com"]

[Event "Titled Tuesday Blitz January 10 Late 2023"]
[White "Ruiz Castillo, Joshua Daniel"]
[Black "Fisher_TheGalactic"]
[WhiteFideId "4400704"]
[WhiteElo "2459"]
[BlackElo "2556"]
[Result "1-0"]
[Round "11"]
[TimeControl "180+2"]
[Date "2023.01.10"]
[WhiteClock "0:01:10"]
[BlackClock "0:00:02"]

1. b3 b6 2. e4 Bb7 3. Nc3 e6 4. Bb2 d5 5. exd5 exd5 6. d4 Nf6 7. Bd3 Bb4 8. Ne2 O-O 9. O-O Nbd7 10. Ng3 c5 11. a3 Bxc3 12. Bxc3 Rc8 13. Bb2 c4 14. Bf5 Qc7 15. Re1 Rfe8 16. h4 Rxe1+ 17. Qxe1 Re8 18. Qc3 b5 19. Re1 Rxe1+ 20. Qxe1 g6 21. Bh3 Nf8 22. b4 Bc8 23. Bxc8 Qxc8 24. Qe5 Qe6 25. f3 Qxe5 26. dxe5 N6d7 27. Ne2 Ne6 28. g4 Nb8 29. f4 Nc6 30. Kf2 a5 31. bxa5 Nxa5 32. Ke3 Nc6 33. f5 gxf5 34. gxf5 Nc5 35. Nd4 Na7 36. Bc3 Ne4 37. Ba5 Ng3 38. Kf4 Ne4 39. Bc7 Nc3 40. e6 fxe6 41. fxe6 Nc8 42. Ke5 Nb1 43. Bd6 Nd2 44. Kxd5 Nb6+ 45. Kc6 Na4 46. Kxb5 Nc3+ 47. Kc6 Nce4 48. a4 c3 49. a5 Nc4 50. a6 Ncxd6 51. a7 Kg7 52. a8=Q Kf6 53. Qh8+ Kg6 54. e7 1-0


[Site "https://www.chess.com"]

[Event "Titled Tuesday Blitz January 10 Late 2023"]
[White "Suvorov, Alexander"]
[Black "Skvortsov, Andrei"]
[WhiteFideId "12977063"]
[BlackFideId "24108600"]
[WhiteElo "2338"]
[BlackElo "2313"]
[Result "1-0"]
[Round "11"]
[TimeControl "180+2"]
[Date "2023.01.10"]
[WhiteClock "0:01:10"]
[BlackClock "0:00:42"]

1. d4 Nf6 2. Nf3 g6 3. g3 c5 4. dxc5 Qa5+ 5. Nc3 Qxc5 6. Bg2 Bg7 7. O-O O-O 8. e4 d6 9. h3 Nc6 10. Be3 Qa5 11. Nd2 Qc7 12. Nb3 Nd7 13. Nd5 Qd8 14. c3 Nde5 15. Qe2 Na5 16. Nd2 e6 17. Nb4 f5 18. f4 Nec6 19. Nxc6 Nxc6 20. Rad1 a6 21. Nc4 d5 22. exd5 Ne7 23. dxe6 Qc7 24. Bb6 Qb8 25. Rd7 Bxd7 26. exd7 Bf6 27. Qe6+ Kg7 28. Nd6 Nc6 29. Re1 Nd8 30. Ne8+ Kh6 31. Qe3 Bh8 32. Bc7 Qa7 33. Qxa7 Rxa7 34. Bxd8 b5 35. Bg5+ Kh5 36. Bf3# 1-0


[Site "https://www.chess.com"]

[Event "Titled Tuesday Blitz January 10 Late 2023"]
[White "Sielecki, Christof"]
[Black "Dimitrov, Atanas"]
[WhiteFideId "4620437"]
[BlackFideId "2901315"]
[WhiteElo "2419"]
[BlackElo "2269"]
[Result "1/2-1/2"]
[Round "11"]
[TimeControl "180+2"]
[Date "2023.01.10"]
[WhiteClock "0:00:02"]
[BlackClock "0:00:03"]

1. e4 c5 2. Nf3 d6 3. Bb5+ Bd7 4. Bxd7+ Nxd7 5. O-O Ngf6 6. Qe2 g6 7. c3 Bg7 8. d4 cxd4 9. cxd4 e5 10. dxe5 dxe5 11. Bg5 O-O 12. Rd1 Qb6 13. Nc3 Qe6 14. Bxf6 Nxf6 15. Nd5 Nxd5 16. Rxd5 Rac8 17. Rad1 h6 18. h3 a6 19. b3 Rc7 20. Nd2 b5 21. Nf1 Rfc8 22. Rd6 Qe7 23. Ne3 Rc6 24. Rd7 Qa3 25. Nd5 Rc2 26. Qf3 Rf8 27. Nf6+ Kh8 28. Rd8 Rc8 29. Rxc8 Rxc8 30. Nd5 Kg8 31. b4 Qxf3 32. gxf3 Rc2 33. a4 Bf8 34. axb5 axb5 35. Ra1 Rb2 36. Ra5 Bxb4 37. Rxb5 Ba3 38. Ra5 Bd6 39. Ra6 Bc5 40. Ne3 Bxe3 41. fxe3 Re2 42. Ra3 Kg7 43. Rb3 h5 44. h4 Kf6 45. Rb6+ Ke7 46. Rb3 Kd6 47. Rd3+ Kc5 48. Rd5+ Kc6 49. Rxe5 Rxe3 50. Kf2 Ra3 51. Re7 Ra2+ 52. Kg3 Kd6 53. Rxf7 Ke6 54. Rf8 Ra1 55. Kf4 Rg1 56. e5 Ke7 57. Rf6 Rg2 58. Ra6 Rg1 59. Ke4 Re1+ 60. Kf4 Rg1 61. Ke3 Re1+ 62. Kd4 Rd1+ 63. Ke4 Re1+ 64. Kf4 Rg1 1/2-1/2


[Site "https://www.chess.com"]

[Event "Titled Tuesday Blitz January 10 Late 2023"]
[White "Al-Tarboush, Ward"]
[Black "Gubajdullin, Alexei"]
[WhiteFideId "7601450"]
[BlackFideId "4141202"]
[WhiteElo "2256"]
[BlackElo "2285"]
[Result "1-0"]
[Round "11"]
[TimeControl "180+2"]
[Date "2023.01.10"]
[WhiteClock "0:01:04"]
[BlackClock "0:00:14"]

1. e4 c6 2. Nf3 d5 3. Nc3 g6 4. d4 Bg7 5. Bd3 Bg4 6. O-O Bxd4 7. exd5 Bg7 8. dxc6 Nxc6 9. h3 Bd7 10. Bf4 Nf6 11. Qd2 O-O 12. Rad1 Qb6 13. Rfe1 Qxb2 14. Rb1 Qa3 15. Rxb7 Nh5 16. Nb5 Qb4 17. Qxb4 Nxb4 18. Rxd7 Nxf4 19. Rexe7 Nfd5 20. Re1 a6 21. Nc7 Nxc7 22. Rxc7 Nxa2 23. Bc4 Nb4 24. Ng5 Rac8 25. Ree7 Rxc7 26. Rxc7 Rb8 27. Nxf7 Kf8 28. Ng5 Bd4 29. Ne6+ Ke8 30. Nxd4 a5 31. Bf7+ Kf8 32. Ne6# 1-0


[Site "https://www.chess.com"]

[Event "Titled Tuesday Blitz January 10 Late 2023"]
[White "Przybylski, Wojciech"]
[Black "Baskin, Robert"]
[WhiteFideId "1117599"]
[BlackFideId "24662402"]
[WhiteElo "2321"]
[BlackElo "2442"]
[Result "0-1"]
[Round "11"]
[TimeControl "180+2"]
[Date "2023.01.10"]
[WhiteClock "0:00:01"]
[BlackClock "0:00:03"]

1. d4 d6 2. e4 Nc6 3. Nf3 Nf6 4. Nc3 g6 5. h3 Bg7 6. Be3 O-O 7. d5 Nb8 8. Be2 e5 9. O-O a5 10. a3 Bd7 11. Nd2 Na6 12. Re1 h6 13. Nf1 Nh7 14. Qd2 h5 15. f4 exf4 16. Bxf4 Re8 17. Nh2 Nc5 18. Bd3 b5 19. Nf3 b4 20. Nd1 Nf6 21. Nf2 Rb8 22. Bg5 Qc8 23. axb4 axb4 24. Rab1 b3 25. c3 Nxd3 26. Qxd3 Qb7 27. Nd4 Bb5 28. c4 Bd7 29. Rbd1 Ba4 30. Bd2 Nd7 31. Bc3 Nc5 32. Qf3 Bd7 33. Nd3 Na4 34. Rf1 Rf8 35. Nf4 Nxc3 36. Qxc3 Qa7 37. Ne2 Rfe8 38. Qf3 Re7 39. Kh2 Rbe8 40. Rd3 Qc5 41. Nxb3 Qxc4 42. Nd2 Qb4 43. Nc3 Qxb2 44. Nc4 Qb4 45. Nd2 Bb5 46. Rb1 Bxc3 47. Rxb4 Bxb4 48. Rb3 Bxd2 49. Rxb5 Bh6 50. Rb4 Bg7 51. Rc4 Be5+ 52. Kg1 h4 53. Kf2 Bg3+ 54. Ke2 f5 55. Kd2 Rxe4 56. Rxe4 Rxe4 57. Qc3 Re7 58. Qc4 Kf7 59. Qb5 Kf6 60. Qc6 Ke5 61. Qa8 Kf4 62. Kd3 g5 63. Qf8 Re3+ 64. Kd2 Re5 65. Qf7 Bf2 66. Kd3 Bb6 67. Kc4 Kg3 68. Qf6 g4 69. hxg4 fxg4 70. Qf1 Re4+ 71. Kd3 Rf4 72. Qe1+ Kxg2 73. Qxh4 Rf3+ 74. Ke4 g3 75. Qg4 Re3+ 76. Kf4 Kf2 77. Qh4 Rf3+ 78. Kg4 Be3 0-1


[Site "https://www.chess.com"]

[Event "Titled Tuesday Blitz January 10 Late 2023"]
[White "Solon, Nathan"]
[Black "Jimenez Almeida, Luis David"]
[WhiteFideId "2017229"]
[BlackFideId "22242244"]
[WhiteElo "2306"]
[BlackElo "2242"]
[Result "1-0"]
[Round "11"]
[TimeControl "180+2"]
[Date "2023.01.10"]
[WhiteClock "0:00:16"]
[BlackClock "0:00:03"]

1. Nf3 g6 2. e4 Bg7 3. d4 c6 4. h3 Na6 5. c3 Nc7 6. Bd3 d6 7. O-O Nf6 8. Re1 O-O 9. Nbd2 Re8 10. a4 e5 11. dxe5 dxe5 12. Nc4 Nh5 13. Be3 Qe7 14. b4 Rd8 15. Qc2 Nf4 16. Bf1 g5 17. Bc5 Qe8 18. Nxg5 f6 19. Nf3 Qh5 20. Nh2 Nce6 21. Be3 Kh8 22. Rad1 Rg8 23. Kh1 Ng5 24. Bxf4 exf4 25. Nd6 Bf8 26. Nf5 f3 27. g4 Qf7 28. Re3 Be6 29. Nd6 Qc7 30. Nc4 Qf4 31. Nd2 Bd6 32. Ndxf3 Nxf3 33. Nxf3 Bxg4 34. hxg4 Rxg4 35. Rxd6 Qxd6 36. Nh2 Rh4 37. Rh3 Rf4 38. e5 Qd5+ 39. f3 f5 40. Qd3 Qxe5 41. Qd7 Rg8 42. Qxh7# 1-0


[Site "https://www.chess.com"]

[Event "Titled Tuesday Blitz January 10 Late 2023"]
[White "Malka, Samuel"]
[Black "Chor, Kevin"]
[WhiteFideId "20643675"]
[BlackFideId "2090740"]
[WhiteElo "2165"]
[BlackElo "1944"]
[Result "1-0"]
[Round "11"]
[TimeControl "180+2"]
[Date "2023.01.10"]
[WhiteClock "0:00:18"]
[BlackClock "0:00:11"]

1. d4 Nf6 2. c4 g6 3. Nc3 Bg7 4. e4 d6 5. Nf3 O-O 6. Be2 e5 7. O-O Nc6 8. d5 Ne7 9. Ne1 Nd7 10. Nd3 f5 11. f3 f4 12. b4 g5 13. a4 Ng6 14. a5 Nf6 15. c5 Rf7 16. c6 bxc6 17. dxc6 Be6 18. Nf2 d5 19. exd5 Nxd5 20. Nce4 Ne3 21. Qxd8+ Rxd8 22. Nxg5 Re7 23. Nxe6 Rxe6 24. Bxe3 fxe3 25. Ng4 Rxc6 26. Nxe3 e4 27. Rac1 Rxc1 28. Rxc1 Bd4 29. Kf2 exf3 30. Bc4+ Kg7 31. Kxf3 Rf8+ 32. Ke4 Bb2 33. Rc2 Rf4+ 34. Kd5 Ba3 35. Bd3 Bxb4 36. Rxc7+ Kh6 37. Nf5+ Kg5 38. h4+ Kg4 39. Ne3+ Kxh4 40. Rxh7+ Kg5 41. Rg7 Kf6 42. Rxg6+ Kf7 43. Ra6 Rf2 44. Rxa7+ Ke8 45. a6 Rd2 46. Kc4 Ba5 47. Rb7 1-0


[Site "https://www.chess.com"]

[Event "Titled Tuesday Blitz January 10 Late 2023"]
[White "Fiorito, Joaquin"]
[Black "Kuznecovs, Nikita"]
[WhiteFideId "180173"]
[BlackFideId "11604557"]
[WhiteElo "2405"]
[BlackElo "2287"]
[Result "0-1"]
[Round "11"]
[TimeControl "180+2"]
[Date "2023.01.10"]
[WhiteClock "0:00:04"]
[BlackClock "0:00:06"]

1. d4 Nf6 2. Nc3 e6 3. Bf4 a6 4. e3 b5 5. Qf3 Ra7 6. Nge2 Bb7 7. Qg3 Nh5 8. Qg4 Nxf4 9. Nxf4 b4 10. Na4 Bc6 11. Nc5 d6 12. Ncd3 a5 13. h4 Nd7 14. h5 Nf6 15. Qd1 Qe7 16. c4 e5 17. Ne2 g6 18. hxg6 fxg6 19. d5 Bd7 20. Ng3 Bg7 21. e4 h5 22. Be2 h4 23. Nf1 Nxe4 24. Ne3 Qg5 25. Bf3 Nf6 26. Be2 e4 27. Nc1 a4 28. Rb1 O-O 29. Qc2 Raa8 30. c5 Ra5 31. cxd6 cxd6 32. Qc7 Rc5 33. Qxd6 Rfc8 34. O-O Bf8 35. Qa6 Qe5 36. Nc4 Rxc4 37. Bxc4 Bd6 38. Re1 Ng4 39. Kf1 Rf8 40. Nd3 Qg3 41. Qb6 exd3 42. f3 Nh2+ 43. Kg1 Nxf3+ 0-1


[Site "https://www.chess.com"]

[Event "Titled Tuesday Blitz January 10 Late 2023"]
[White "Djokic, Mihailo"]
[Black "Silva, Caio Henrique Angelico"]
[WhiteFideId "976440"]
[BlackFideId "22777210"]
[WhiteElo "2192"]
[BlackElo "2129"]
[Result "0-1"]
[Round "11"]
[TimeControl "180+2"]
[Date "2023.01.10"]
[WhiteClock "0:00:05"]
[BlackClock "0:00:06"]

1. e4 c6 2. d4 d5 3. e5 c5 4. dxc5 e6 5. Nf3 Bxc5 6. Bd3 Ne7 7. O-O O-O 8. Nbd2 Nbc6 9. Nb3 Bb6 10. Bxh7+ Kxh7 11. Ng5+ Kg6 12. Qd3+ Nf5 13. g4 f6 14. gxf5+ exf5 15. exf6 gxf6 16. Nh3 Ne5 17. Nf4+ Kf7 18. Qh3 Rg8+ 19. Kh1 Ng4 20. Qh5+ Kf8 21. Ng6+ Kg7 22. Be3 Bxe3 23. fxe3 Qe8 24. Nf4 Qe4+ 25. Kg1 Qxe3+ 26. Kg2 Qe4+ 27. Kg3 Ne5 28. Rae1 Kf8+ 29. Kh3 Qxc2 30. Qh6+ Kf7 31. Re2 Qc4 32. Rc1 Qb4 33. Rc7+ Bd7 34. Rxd7+ Nxd7 35. Qh5+ Kf8 36. Ne6+ Ke7 37. Ned4+ Kd6 38. Qxf5 Rh8+ 39. Kg2 Rag8+ 40. Kf3 Ne5+ 41. Rxe5 fxe5 42. Qe6+ Kc7 43. Qxe5+ Kc8 44. Qe6+ Kb8 45. a3 Qf8+ 46. Ke2 Rxh2+ 47. Kd3 Rg3+ 48. Qe3 Rxe3+ 49. Kxe3 Qf2+ 50. Kd3 Rh3+ 51. Nf3 Rxf3# 0-1


[Site "https://www.chess.com"]

[Event "Titled Tuesday Blitz January 10 Late 2023"]
[White "Kuznetsov, Felix"]
[Black "Fiorito, Francisco"]
[WhiteFideId "34147990"]
[BlackFideId "180165"]
[WhiteElo "2254"]
[BlackElo "2305"]
[Result "1-0"]
[Round "11"]
[TimeControl "180+2"]
[Date "2023.01.10"]
[WhiteClock "0:01:18"]
[BlackClock "0:01:18"]

1. f4 d5 2. Nf3 Nf6 3. g3 Bg4 4. Bg2 e6 5. O-O Bc5+ 6. e3 c6 7. h3 Bxf3 8. Qxf3 d4 9. Kh1 dxe3 10. dxe3 O-O 11. Nc3 Nbd7 12. e4 Qc7 13. b3 Bd4 14. Bb2 e5 15. Rad1 Nc5 16. b4 Ne6 17. f5 Ng5 18. Qe2 h5 19. Rd3 Rfd8 20. Bc1 Ngh7 21. Bf3 g6 22. fxg6 fxg6 23. Bg2 Rf8 24. Bh6 Rf7 25. Rdf3 Qe7 26. Qc4 a5 27. b5 1-0


[Site "https://www.chess.com"]

[Event "Titled Tuesday Blitz January 10 Late 2023"]
[White "Timmermans, Mark"]
[Black "Winterberg, Lukas"]
[WhiteFideId "1026399"]
[BlackFideId "24622702"]
[WhiteElo "2392"]
[BlackElo "2402"]
[Result "1/2-1/2"]
[Round "11"]
[TimeControl "180+2"]
[Date "2023.01.10"]
[WhiteClock "0:00:12"]
[BlackClock "0:00:22"]

1. e4 e6 2. d4 d5 3. Nd2 c5 4. exd5 Qxd5 5. Ngf3 cxd4 6. Bc4 Qd7 7. O-O Nc6 8. Nb3 a6 9. Nbxd4 Nxd4 10. Nxd4 Qc7 11. Qe2 Bd6 12. Rd1 Bxh2+ 13. Kh1 Be5 14. f4 Bxd4 15. Rxd4 Ne7 16. Bd3 O-O 17. Kg1 Nf5 18. Bxf5 exf5 19. Be3 b5 20. Rad1 Re8 21. Qd3 Bb7 22. Rd7 Qc6 23. Rd2 g6 24. Rd6 Qe4 25. Qxe4 Rxe4 26. Kf2 Rae8 27. R2d3 Rc4 28. c3 b4 29. Rb6 Be4 30. Rd4 Rxd4 31. Bxd4 bxc3 32. Bxc3 Bd3 33. b3 h5 34. Kf3 h4 35. Bf6 Kh7 36. Rd6 Be2+ 37. Kf2 Bg4 38. Rxa6 Re2+ 39. Kf1 Re4 40. Ra8 Rxf4+ 41. Kg1 g5 42. Bxg5 Re4 43. Bxh4 Re2 44. Bg5 Kg6 45. Bf4 Re4 46. Ra6+ Kg7 47. Bh6+ Kh7 48. Bg5 Re1+ 49. Kh2 Re2 50. Kg3 Rc2 51. Rf6 Kg7 52. Ra6 Rc3+ 53. Kh4 Rc2 54. Kg3 Rc3+ 55. Kh2 Rc2 56. Bf6+ Kh7 57. Kg3 Rd2 58. Be5 Be2 59. Rf6 Bf1 60. Rxf7+ Kg6 61. Rg7+ Kh6 62. Kh2 Rxa2 63. b4 Re2 64. Re7 Rxg2+ 65. Kh1 Rc2 1/2-1/2


[Site "https://www.chess.com"]

[Event "Titled Tuesday Blitz January 10 Late 2023"]
[White "Klukin, Kirill"]
[Black "Suvorov, Luca"]
[WhiteFideId "24199273"]
[BlackFideId "12977071"]
[WhiteElo "2390"]
[BlackElo "2310"]
[Result "1-0"]
[Round "11"]
[TimeControl "180+2"]
[Date "2023.01.10"]
[WhiteClock "0:01:17"]
[BlackClock "0:00:06"]

1. f4 d5 2. Nf3 c5 3. e3 Nc6 4. Bb5 f6 5. b3 Qb6 6. a4 a6 7. Bxc6+ Qxc6 8. Bb2 Nh6 9. O-O e6 10. Nc3 Nf7 11. Qe2 b6 12. e4 d4 13. Nd1 Bb7 14. Nf2 O-O-O 15. b4 d3 16. cxd3 Bd6 17. a5 b5 18. bxc5 Bxf4 19. Nd4 Rxd4 20. Bxd4 Rd8 21. Be3 Be5 22. Rac1 Bd4 23. Qg4 g6 24. Bxd4 Rxd4 25. Qh4 Ng5 26. Nh3 Rxd3 27. Nxg5 fxg5 28. Rf8+ Kc7 29. Qxh7+ Rd7 30. Rf7 Rxf7 31. Qxf7+ Kb8 32. Qf8+ Ka7 33. Qd6 g4 34. Qxc6 Bxc6 35. d3 e5 36. Kf2 Kb7 37. Kg3 Bd7 38. c6+ Bxc6 39. Kxg4 b4 40. Rb1 Bb5 41. Rxb4 Kc6 42. Kg5 Kc5 43. Rb2 Kd4 44. Kxg6 Bxd3 45. Kf6 Bxe4 46. g4 Bd3 47. g5 e4 48. g6 e3 49. g7 Bc4 50. Rb4 e2 51. Rxc4+ Kxc4 52. g8=Q+ Kd3 53. Qb3+ 1-0


[Site "https://www.chess.com"]

[Event "Titled Tuesday Blitz January 10 Late 2023"]
[White "Martinez, Marcel"]
[Black "Domingo Nunez, Alejandro"]
[WhiteFideId "2016249"]
[BlackFideId "22245561"]
[WhiteElo "2402"]
[BlackElo "2338"]
[Result "1-0"]
[Round "11"]
[TimeControl "180+2"]
[Date "2023.01.10"]
[WhiteClock "0:02:30"]
[BlackClock "0:02:13"]

1. e4 g6 2. d4 Bg7 3. Nc3 c6 4. h3 d5 5. Nf3 dxe4 6. Nxe4 Nf6 7. Bd3 Kf8 8. O-O Nbd7 9. c3 Nxe4 10. Bxe4 Nf6 11. Bc2 h6 12. Re1 Be6 13. Bxg6 Bxh3 14. gxh3 fxg6 15. Ne5 Rg8 16. Qb3 Nd5 17. Qxb7 Bxe5 18. Rxe5 Qb8 19. Bxh6+ Kf7 20. Qxc6 1-0


[Site "https://www.chess.com"]